 Dungeon Crawl Stone Soup version 0.31-a0-702-gf82c85558f (webtiles) character file.

Game seed: 16964370090604878

7 qw the Shooter (level 2, -1/17 HPs)
             Began as a Gargoyle Hunter on Sept 8, 2023.
             Slain by an orc
             ... wielding a +0 mace
              (6 damage)
             ... on level 1 of the Dungeon.
             The game lasted 00:00:10 (618 turns).

qw the Shooter (Gargoyle Hunter)                     Turns: 618, Time: 00:00:10

Health: -1/17      AC:  5    Str: 14    XL:     2   Next: 4%
Magic:  2/2        EV: 11    Int:  9    God:
Gold:   17         SH:  0    Dex: 13    Spells: 1/1 levels left

rFire   . . .        Y - +0 shortbow
rCold   . . .        (shield currently unavailable)
rNeg    + . .        c - +0 leather armour
rPois   inf          (no helmet)
rElec   +            (no cloak)
rCorr   .            (no gloves)
SInv    .            (no boots)
Will    .....        (no amulet)
Stlth   +            (no ring)
HPRegen 0.22/turn    (no ring)
MPRegen 0.08/turn

%: no passive effects
@: no status effects
A: sickness immunity, AC +2, negative energy resistance 1, electricity
resistance, torment resistance 1, petrification resistance
a: no special abilities


You were on level 1 of the Dungeon.
You visited 1 branch of the dungeon, and saw 2 of its levels.

You collected 17 gold pieces.


Innate Abilities, Weirdness & Mutations

You are immune to sickness and miasma.
Your stone body is resilient. (AC +2)
You are immune to poison.
You resist negative energy. (rN+)
You are resistant to electric shocks. (rElec)
You are resistant to unholy torment.
You are immune to petrification.


   Skills:
 - Level 2.1 Fighting
 + Level 4.4 Ranged Weapons
 - Level 1.5 Dodging
 - Level 1.1 Stealth


You had one spell level left.
You didn't know any spells.
Your spell library was empty.

Inventory:

Hand Weapons
 Y - a +0 shortbow (weapon)
Armour
 c - a +0 leather armour (worn)
Scrolls
 f - a scroll of teleportation
 h - a scroll of identify
Potions
 e - a potion of curing
 g - a potion of mutation {unknown}

Dungeon Overview and Level Annotations

Branches:
Dungeon (2/15)

Altars:


Message History

The hobgoblin barely misses you.
You shoot an arrow. The arrow barely misses the hobgoblin.
The hobgoblin completely misses you. The hobgoblin hits you.
You shoot an arrow. The arrow barely misses the hobgoblin.
The hobgoblin barely misses you.
You shoot an arrow. The arrow hits the hobgoblin.
The hobgoblin is heavily wounded.
The hobgoblin barely misses you.
You shoot an arrow. The arrow hits the hobgoblin.
The hobgoblin is severely wounded.
The hobgoblin hits you but does no damage.
You shoot an arrow. The arrow barely misses the hobgoblin.
The hobgoblin misses you.
You shoot an arrow. The arrow barely misses the hobgoblin.
The hobgoblin barely misses you.
You shoot an arrow. The arrow barely misses the hobgoblin.
The hobgoblin hits you. x2
You shoot an arrow. The arrow hits the hobgoblin.
You kill the hobgoblin!
You have reached level 2!
You start resting.
HP restored.
Done exploring.
What level of the Dungeon? (default 2, ? - help)
You climb downwards.
The orc hits you with a +0 flail. The orc hits you with a +0 mace.
The bat hits you but does no damage. The orc hits you but does no damage.
The orc closely misses you.
There is a stone staircase leading up here.
615 ||| STAIRDANCE The bat closely misses you.
The bat hits you but does no damage. The orc closely misses you.
The orc hits you but does no damage.
You climb upwards.
There is a stone staircase leading down here.
You shoot an arrow. The arrow closely misses the bat.
The bat closely misses you. The orc misses you. The orc barely misses you.
You shoot an arrow. The arrow hits the orc.
The orc is lightly wounded.
The bat hits you but does no damage. The orc hits you with a +0 flail!
The orc hits you with a +0 mace.
You die...

#.# #.#.# #.... #.#
#.#.# ##... #.#
#.#%# #... #.#
#)#.# #...
#.###.#.########...
#.##..>..........##
#.###..##########..
#o###..# #..
#o@b...# ##.
#####..## #.
##.#.## ##
#.###.##########
##.#.###........
#..## #..######
#..# #..# #..# #..#
### #..# #..# #..


You could see 2 orcs and a bat.

Vanquished Creatures
  An orc (D:1)
  A hobgoblin (D:1)
  2 frilled lizards (D:1)
  A kobold (D:1)
  3 rats (D:1)
8 creatures vanquished.

Notes
Turn   | Place    | Note
-------+----------+-------------------------------------------
     0 | D:1      | qw the Gargoyle Hunter began the quest for the Orb.
     0 | D:1      | Reached XP level 1. HP: 12/12 MP: 1/1
     0 | D:1      | 0 ||| qw: Version: 0.3-a-76-g4403597
     0 | D:1      | 0 ||| qw: Game counter: 994
     0 | D:1      | 0 ||| qw: Melee chars always use a shield: true
     0 | D:1      | 0 ||| qw: God list: Okawaru
     0 | D:1      | 0 ||| qw: Allow faded altars: false
     0 | D:1      | 0 ||| qw: Do Orc after clearing Dungeon:15 true
     0 | D:1      | 0 ||| qw: Do second Lair branch before Depths: true
     0 | D:1      | 0 ||| qw: Lair rune preference: random
     0 | D:1      | 0 ||| qw: Goals: Normal
     0 | D:1      | 0 ||| PLANNING D:1-11
   528 | D:1      | 528 ||| READING scroll labelled KAAFFOAXYUM.
   529 | D:1      | 529 ||| READING 2 scrolls labelled XEKOLOHYIS.
   534 | D:1      | 534 ||| READING 3 scrolls labelled ZUL IS CUSO.
   535 | D:1      | 535 ||| READING 2 scrolls of identify.
   535 | D:1      | 535 ||| IDENTIFYING bubbling coppery potion
   536 | D:1      | 536 ||| DROPPING scroll of butterflies.
   555 | D:2      | 555 ||| STAIRDANCE
   561 | D:2      | 561 ||| STAIRDANCE
   575 | D:1      | Reached XP level 2. HP: 8/17 MP: 2/2
   615 | D:2      | 615 ||| STAIRDANCE
   618 | D:1      | Slain by an orc

Levels and vault maps discovered:
D:1:      onia_arrival_pentagram, layout_loops_ring
D:2:      layout_basic, serial_shops, nicolae_square_shop, uniq_robin,
          uniq_jessica, uniq_sigmund

Action                     || total
---------------------------++-------
   Fire: Shortbow          ||    29
    Use: Scroll            ||     4
 Armour: Leather armour    ||    17
  Dodge: Dodged            ||    25

Table legend:
 A = Non-vault XP
 B = Vault XP
 C = Vault XP percentage of total XP
 D = Non-vault monster count
 E = Vault monster count
 F = Vault count percentage of total count
                 A         B        C        D         E       F
            +---------+---------+-------+---------+---------+-------
      Total |      11 |       0 |   0.0 |       8 |       0 |   0.0
            +---------+---------+-------+---------+---------+-------
        D:1 |      11 |       0 |   0.0 |       8 |       0 |   0.0
            +---------+---------+-------+---------+---------+-------
